 Dungeon Crawl Stone Soup version 0.31.0-11-ge490571c62 (webtiles) character file.

Game seed: 15400676423227172739

4218 puppykicker the Cruncher (level 10, -3/49 HPs)
             Began as a Spriggan Gladiator on Jan 30, 2024.
             Was a Follower of Okawaru.
             Slain by a two-headed ogre
             ... wielding a +0 giant club
              (26 damage)
             ... on level 8 of the Dungeon.
             The game lasted 00:29:14 (7344 turns).

puppykicker the Cruncher (Spriggan Gladiator)       Turns: 7344, Time: 00:29:15

Health: -3/49      AC:  3    Str: 14    XL:     10   Next: 9%
Magic:  11/11      EV: 21    Int: 10    God:    Okawaru [*.....]
Gold:   185        SH:  0    Dex: 17    Spells: 2/9 levels left

rFire   . . .        F - +3 spear
rCold   . . .        (no shield)
rNeg    . . .        h - +0 robe
rPois   +            c - +1 hat
rElec   .            (no cloak)
rCorr   .            (gloves unavailable)
SInv    +            (boots unavailable)
Will    +....        R - amulet of regeneration
Stlth   ++++         P - ring of poison resistance
HPRegen 1.08/turn    (no ring)
MPRegen 0.12/turn

%: no passive effects
@: very quick
A: very small, no large weapons, unfitting armour, see invisible, speed 3
a: Renounce Religion, Heroism


You were on level 8 of the Dungeon.
You worshipped Okawaru.
Okawaru was aware of your devotion.
You visited 2 branches of the dungeon, and saw 9 of its levels.
You also visited: Sewer and Bailey.

You collected 393 gold pieces.
You spent 208 gold pieces at shops.

Inventory:

Hand Weapons
 a - a +0 quarterstaff of holy wrath
 b - a +0 shortbow
 w - a +0 trident
 F - a +3 spear (weapon)
Missiles
 e - 2 boomerangs (quivered)
 g - 3 poisoned darts
 y - 5 curare-tipped darts
 z - a throwing net
Armour
 c - a +1 hat (worn)
 h - a +0 robe (worn)
Jewellery
 j - a +4 ring of slaying
 P - a ring of poison resistance (left hand)
 R - an amulet of regeneration (around neck)
Wands
 A - a wand of iceblast (3)
 G - a wand of flame (34)
 H - a wand of mindburst (14)
 J - a wand of paralysis (8)
Scrolls
 d - a scroll of silence
 f - 2 scrolls of fog
 k - a scroll of amnesia {unknown}
 o - a scroll of noise {unknown}
 t - 4 scrolls of teleportation
 u - a scroll of enchant armour
 v - a scroll of fear {unknown}
 x - a scroll of enchant weapon {unknown}
 B - a scroll of blinking {!r}
 D - a scroll of summoning {unknown}
 E - a scroll of torment {!r}
 I - a scroll of acquirement {unknown}
Potions
 i - 2 potions of might {unknown}
 l - 3 potions of attraction {unknown}
 m - 6 potions of brilliance
 n - a potion of curing {unknown}
 p - 5 potions of enlightenment
 q - 2 potions of resistance {unknown}
 r - a potion of lignification {unknown}
 s - 4 potions of magic {unknown}
 C - a potion of haste {unknown}


   Skills:
 + Level 4.0 Fighting
 + Level 8.7 Staves
 - Level 2.0 Throwing
 + Level 3.2 Armour
 + Level 7.3 Dodging
 + Level 6.9 Stealth
 + Level 4.3 Evocations


You had 2 spell levels left.
You knew the following spells:

 Your Spells              Type           Power      Damage    Failure   Level
s - Sticky Flame          Fire/Alch      0%         2d4       98%         4
v - Vampiric Draining     Necr           0%         2d6       75%         3

Your spell library contained the following spells:

 Spells                   Type           Power      Damage    Failure   Level
 Freeze                   Ice            0%         1d3       36%         1
 Slow                     Hex            0%         N/A       36%         1
 Cigotuvi's Dreadful Rot  Necr/Alch/Air  0%         N/A       50%         2
 Confusing Touch          Hex            0%         N/A       75%         3
 Frozen Ramparts          Ice            0%         1d1       75%         3
 Hailstorm                Conj/Ice       0%         3d5       75%         3
 Inner Flame              Hex/Fire       0%         N/A       75%         3
 Sigil of Binding         Hex            0%         N/A       75%         3
 Stone Arrow              Conj/Erth      0%         3d7       75%         3
 Flame Wave               Conj/Fire      0%         2d4       98%         4
 Ignite Poison            Fire/Alch      0%         N/A       98%         4
 Freezing Cloud           Conj/Ice/Air   0%         6-21      100%        5
 Lehudib's Crystal Spear  Conj/Erth      0%         10d2      100%        8
 Summon Small Mammal      Summ           Unusable   N/A       N/A         1
 Call Canine Familiar     Summ           Unusable   N/A       N/A         3
 Animate Armour           Summ/Erth      Unusable   N/A       N/A         4
 Summon Blazeheart Golem  Fire/Summ      Unusable   N/A       N/A         4

Dungeon Overview and Level Annotations

Branches:
Dungeon (8/15)             Temple (1/1) D:7           Sewer (visited)
 Bailey (visited)
   Lair: D:8-11

Altars:
Ashenzari
Cheibriados
Dithmenos
Fedhas
Gozag
Hepliaklqana
Kikubaaqudgha
Makhleb
Nemelex Xobeh
Okawaru
Qazlal
Ru
Sif Muna
Trog
Uskayaw
Vehumet
Wu Jian
Xom
Yredelemnul
Zin
The Shining One

Shops:
D:2 *   D:3 [

Annotations:
D:6 1 runed translucent door, reddragon77's ghost, novice HOFE
Temple 2 transporters


Innate Abilities, Weirdness & Mutations

You are very small and have problems with some larger weapons.
You are too small for most types of armour.
You have supernaturally acute eyesight. (SInv)
You cover ground extremely quickly. (Speed+++)


Message History

Press: ? - help, Shift-Dir - straight line, f/p - two-headed ogre
Aim: a two-headed ogre, wielding two +0 giant clubs (lightly wounded, extremely poisoned, 75% to hit)
You throw a poisoned dart.
The poisoned dart barely misses the two-headed ogre.
You hit the two-headed ogre but do no damage.
The two-headed ogre is lightly wounded.
The two-headed ogre barely misses you.
The two-headed ogre completely misses you.
Press: ? - help, v - describe, . - travel
Here: a two-headed ogre, wielding two +0 giant clubs (lightly wounded, very poisoned)
The floor.
Your +0 quarterstaff of holy wrath stops glowing.
F - a +3 spear (weapon)
Reach: F) +3 spear
Press: ? - help, Dir - move target, f/p - two-headed ogre
Aim: a two-headed ogre, wielding two +0 giant clubs (lightly wounded, very poisoned, about 20% to evade your +3 spear)
You reach to attack!
You hit the two-headed ogre.
The two-headed ogre is moderately wounded.
Reach: F) +3 spear
Press: ? - help, Dir - move target, f/p - two-headed ogre
Aim: a two-headed ogre, wielding two +0 giant clubs (lightly wounded, very poisoned, about 20% to evade your +3 spear)
You reach to attack!
You puncture the two-headed ogre!
The two-headed ogre is moderately wounded.
Reach: F) +3 spear
Press: ? - help, Dir - move target, f/p - two-headed ogre
Aim: a two-headed ogre, wielding two +0 giant clubs (moderately wounded, very poisoned, about 20% to evade your +3 spear)
You reach to attack!
You hit the two-headed ogre.
The two-headed ogre is heavily wounded.
Reach: F) +3 spear
Press: ? - help, Dir - move target, f/p - two-headed ogre
Aim: a two-headed ogre, wielding two +0 giant clubs (heavily wounded, very poisoned, about 20% to evade your +3 spear)
You reach to attack!
You hit the two-headed ogre.
The two-headed ogre is heavily wounded.
The two-headed ogre attacks as it pursues you!
The two-headed ogre hits you with a +0 giant club!!
Ouch! That really hurt!
* * * LOW HITPOINT WARNING * * *
The two-headed ogre hits you with a +0 giant club!!
Ouch! That really hurt!
You die...

#$ .# #######.#########
... .. ......#.#.......#
#### # #. .#
......#.#.......# #.(. .
.. .
......#.#.......#####...
# #.
#######.#######.#.......
#.# #.#.###... #.#
#.#.###... #.##
#.#.##.... #@.#
#.#.##.##. ##O###
#.#.##.##. #...#
#.#.......
###.####.#....###
#...##.........
###.####..#####
####....# #....... ###
#.....#####.##.###
(..((##.....#.....####..


You could see a two-headed ogre (very poisoned).

Levels and vault maps discovered:
D:1:      wander_arrival_lonely_grave, layout_basic
D:2:      layout_basic, serial_shops, nicolae_shop_back_alley_shop,
          shapermc_ecumenical_altar_ellora
D:3:      layout_basic, nicolae_ru_awakened_eye,
          nicolae_overflow_quartered_altars, serial_shops,
          nicolae_shop_mannequins, portal_sewer_entry_b,
          minmay_fractal_squares_gapless_5, uniq_sigmund
D:4:      layout_loops_cross, lightli_temple_of_fire, minmay_crystal_water,
          uniq_eustachio
D:5:      layout_gridville, nicolae_uskayaw_suspiria,
          lemuel_zombie_altar_yredelemnul, uniq_pikel
D:6:      minmay_inner_zag, layout_loops_ring, ebering_ghost_sewer_d,
          uniq_prince_ribbit1, uniq_edmund
D:7:      layout_basic, minmay_temple_entry_statues_fountains, enter_bailey_2
D:8:      layout_loops_cross, old_standard_altar, serial_co_window_serial,
          co_window_of_opportunity_a, co_window_paths_a, co_window_paths_b,
          co_window_corner_a, co_window_paths_b, co_window_corner_b,
          co_window_unsneaky_path_b, co_window_of_opportunity_c,
          co_window_of_opportunity_c, co_window_corner_ca, co_window_corner_b,
          glass_columns_a, glass_columns_a, hangedman_decor_opposing,
          st_stairs_11, minmay_between
Temple:   hellmonk_temple_divided_pantheon

Notes
Turn   | Place    | Note
-------+----------+-------------------------------------------
     0 | D:1      | puppykicker the Spriggan Gladiator began the quest for the
                  | Orb.
     0 | D:1      | Reached XP level 1. HP: 10/10 MP: 2/2
    19 | D:1      | Identified a +0 club
    50 | D:1      | Identified a +0 sling
    61 | D:1      | Identified a +0 short sword
   218 | D:1      | Identified a +0 short sword
   246 | D:1      | Reached XP level 2. HP: 5/14 MP: 3/3
   331 | D:1      | Identified an amulet of regeneration
   351 | D:1      | Identified a +0 club
   399 | D:1      | Identified a +0 ring mail
   642 | D:1      | Reached skill level 3 in Staves
   656 | D:1      | Reached XP level 3. HP: 16/18 MP: 4/4
   830 | D:2      | Identified a +0 club
   903 | D:2      | Identified a +0 dagger
  1016 | D:2      | Identified a +0 whip
  1044 | D:2      | Reached XP level 4. HP: 22/22 MP: 5/5
  1067 | D:2      | Found a faded altar of an unknown god.
  1171 | D:2      | Found Zoung's Assorted Antiques.
  1175 | D:2      | Bought a scroll labelled LIZXOUFERU for 26 gold pieces
  1272 | D:3      | Found a sacrificial altar of Ru.
  1338 | D:3      | Identified 5 scrolls of identify
  1338 | D:3      | Identified a scroll of torment
  1339 | D:3      | Identified a scroll of silence
  1340 | D:3      | Identified a scroll of revelation
  1341 | D:3      | Identified a scroll of fog
  1342 | D:3      | Identified a scroll of teleportation
  1384 | D:3      | Identified a +0 whip
  1386 | D:3      | Found Xobo's Armour Boutique.
  1386 | D:3      | Identified +0 shadow dragon scales
  1386 | D:3      | Noticed an animated shadow dragon scales
  1386 | D:3      | Identified +0 pearl dragon scales
  1386 | D:3      | Noticed an animated pearl dragon scales
  1386 | D:3      | Identified a +0 club
  1392 | D:3      | Identified a +0 scythe
  1392 | D:3      | Identified a +0 robe
  1392 | D:3      | Noticed Sigmund
  1416 | D:3      | Killed Sigmund
  1417 | D:3      | Reached skill level 5 in Staves
  1417 | D:3      | Reached XP level 5. HP: 25/25 MP: 6/6
  1458 | D:3      | Found a glowing drain.
  1481 | D:3      | Reached XP level 6. HP: 27/30 MP: 7/7
  1497 | Sewer    | Entered a sewer
  1785 | D:3      | Identified a +0 whip
  1801 | D:3      | Identified the +2 spear "Soiqoimo" {antimagic, ^Fragile
                  | rElec rC- Str+6}
  1830 | D:3      | Found a hazy altar of Hepliaklqana.
  1831 | D:3      | Found a glowing golden altar of the Shining One.
  1831 | D:3      | Found a stormy altar of Qazlal.
  1870 | D:3      | Identified 2 scrolls of blinking
  1877 | D:3      | Identified a +0 club
  1878 | D:3      | Found a broken altar of Ashenzari.
  1978 | D:3      | Identified a +4 ring of slaying
  2047 | D:3      | Identified a +0 flail
  2135 | D:3      | Identified a +0 short sword
  2136 | D:3      | Identified a +0 club
  2136 | D:3      | Identified a +0 leather armour
  2136 | D:3      | Identified a +0 whip
  2137 | D:3      | Identified a +0 flail
  2209 | D:3      | Identified a +0 hand axe
  2209 | D:3      | Identified a +0 pair of gloves
  2343 | D:4      | Identified a +0 short sword
  2395 | D:4      | Identified a +0 giant club
  2415 | D:4      | Reached skill level 6 in Staves
  2415 | D:4      | Reached XP level 7. HP: 33/33 MP: 8/8
  2455 | D:4      | Identified 2 potions of enlightenment
  2460 | D:4      | Identified a +0 rapier
  2460 | D:4      | Identified a +0 leather armour
  2460 | D:4      | Noticed Eustachio
  2501 | D:4      | Killed Eustachio
  2527 | D:4      | Identified a +0 dagger
  2657 | D:4      | Identified a +0 club
  2658 | D:4      | Identified 5 potions of brilliance
  2804 | D:4      | Identified a +0 short sword
  2804 | D:4      | Identified a +0 flail
  2804 | D:4      | Identified a +0 ring mail
  2806 | D:4      | Identified a +0 dagger
  2806 | D:4      | Identified a +0 robe
  2806 | D:4      | Identified a +0 morningstar
  2821 | D:4      | HP: 6/33 [orc priest/+0 morningstar (4)]
  2874 | D:4      | Reached skill level 7 in Staves
  2909 | D:4      | Found a bloodstained altar of Trog.
  2972 | D:4      | Identified a +0 short sword
  3112 | D:2      | Bought a glowing quarterstaff for 182 gold pieces
  3112 | D:2      | Identified a +0 quarterstaff of holy wrath (You bought it
                  | in a shop on level 2 of the Dungeon)
  3336 | D:5      | Entered Level 5 of the Dungeon
  3411 | D:5      | HP: 7/33 [ice beast (12)]
  3454 | D:5      | Reached XP level 8. HP: 37/37 MP: 9/9
  3508 | D:5      | Learned a level 3 spell: Vampiric Draining
  3513 | D:5      | Learned a level 4 spell: Sticky Flame
  3541 | D:5      | Identified a +0 trident
  3647 | D:5      | Found a basalt altar of Yredelemnul.
  3717 | D:5      | Identified a +2 whip of flaming
  3717 | D:5      | Identified a +2 robe
  3717 | D:5      | Noticed Pikel
  3787 | D:4      | Killed Pikel
  3788 | D:4      | Reached skill level 8 in Staves
  3788 | D:4      | Reached skill level 2 in Fighting
  3788 | D:4      | Reached skill level 1 in Armour
  3788 | D:4      | Reached skill level 2 in Stealth
  3868 | D:5      | Identified a +0 ring mail
  3898 | D:5      | Reached skill level 3 in Stealth
  4097 | D:5      | Identified a +0 shortbow
  4097 | D:5      | Identified a ring of poison resistance
  4105 | D:5      | Reached skill level 5 in Dodging
  4223 | D:5      | Found a hide-covered altar of Uskayaw.
  4451 | D:6      | Identified a +0 flail
  4451 | D:6      | Identified a +0 halberd
  4451 | D:6      | Identified a +0 whip
  4492 | D:6      | Identified a +0 leather armour
  4558 | D:6      | Identified a +2 heavy flail
  4558 | D:6      | Identified a +0 chain mail
  4558 | D:6      | Noticed Edmund
  4578 | D:6      | Killed Edmund
  4648 | D:6      | HP: 9/39 [sleepcap (16)]
  4714 | D:6      | Identified a +0 trident
  4714 | D:6      | Identified a +0 club
  4719 | D:6      | Identified a +0 club
  4739 | D:6      | Identified a +0 dagger
  4742 | D:6      | Identified a +0 dagger
  4753 | D:6      | Reached skill level 4 in Stealth
  4816 | D:6      | Reached XP level 9. HP: 29/43 MP: 10/10
  4843 | D:6      | Identified a +0 leather armour
  4889 | D:6      | Identified the +0 buckler of Xatem {Harm Will- Int+3}
  4906 | D:6      | Noticed Prince Ribbit
  4948 | D:6      | HP: 3/43 [Prince Ribbit (16)]
  5008 | D:5      | Killed Prince Ribbit
  5009 | D:5      | Reached skill level 2 in Armour
  5009 | D:5      | Reached skill level 1 in Evocations
  5052 | D:6      | Identified a +0 spear
  5100 | D:6      | Found a runed translucent door.
  5122 | D:6      | Identified a +0 quarterstaff
  5130 | D:6      | Noticed reddragon77's ghost (novice HOFE)
  5167 | D:6      | Identified a +0 hand axe
  5233 | D:6      | Reached skill level 3 in Fighting
  5272 | D:6      | Identified a +0 sling
  5280 | D:6      | Reached skill level 2 in Evocations
  5299 | D:6      | Identified a +0 club
  5329 | D:6      | Reached skill level 6 in Dodging
  5329 | D:6      | Reached skill level 5 in Stealth
  5538 | D:6      | Identified a +0 giant club
  5614 | D:7      | Found a staircase to the Ecumenical Temple.
  5617 | D:7      | Identified a +0 mace
  5617 | D:7      | Identified a +0 leather armour
  5623 | Temple   | Found a transporter.
  5623 | Temple   | Found a transporter.
  5623 | Temple   | Found a transporter.
  5623 | Temple   | Found a transporter.
  5623 | Temple   | Entered the Ecumenical Temple
  5653 | Temple   | Became a worshipper of Warmaster Okawaru
  5743 | D:7      | Identified a +0 giant spiked club
  5770 | D:7      | Found a flagged portal.
  5776 | D:7      | Identified a +3 spear
  5778 | D:7      | Identified a +0 halberd
  5789 | D:7      | Identified a +2 heavy mace
  5803 | Bailey   | Entered a bailey
  5805 | Bailey   | Identified a +0 arbalest
  5805 | Bailey   | Identified a +0 scale mail
  5805 | Bailey   | Identified a +0 arbalest
  5805 | Bailey   | Identified a +4 ring mail
  5811 | Bailey   | Identified a +0 arbalest
  5811 | Bailey   | Identified a +0 scale mail
  5811 | Bailey   | Identified a +0 arbalest
  5811 | Bailey   | Identified a +0 scale mail
  5862 | Bailey   | HP: 4/44 [orc warrior/bolt (17)]
  5864 | Bailey   | Identified a scroll of poison
  5940 | D:7      | Identified a +0 dagger
  5941 | D:7      | Identified a +0 club
  5941 | D:7      | Identified a +0 trident
  5941 | D:7      | Identified a +0 ring mail
  5942 | D:7      | Identified a +0 dagger
  5943 | D:7      | Identified a +0 hand axe
  5943 | D:7      | Identified a +0 mace
  6044 | D:7      | Reached skill level 3 in Evocations
  6180 | D:7      | Identified a +0 flail
  6180 | D:7      | Identified a +0 scale mail
  6315 | D:7      | Identified a +0 ring mail
  6379 | D:8      | Identified a +0 orcbow
  6379 | D:8      | Identified a +0 club
  6379 | D:8      | Identified a +0 dagger
  6379 | D:8      | Identified a +0 ring mail
  6379 | D:8      | Identified a +0 short sword
  6379 | D:8      | Identified a +0 leather armour
  6379 | D:8      | Identified a +0 dagger
  6379 | D:8      | Identified a +0 robe
  6381 | D:8      | Identified a +0 dagger
  6381 | D:8      | Identified a +0 robe
  6388 | D:7      | Reached skill level 6 in Stealth
  6396 | D:8      | Identified a +0 giant club
  6396 | D:8      | Identified a +0 giant club
  6396 | D:8      | Noticed a two-headed ogre
  6482 | D:8      | Reached * piety under Okawaru
  6624 | D:8      | Identified a +0 flail
  6630 | D:8      | Identified 2 scrolls of enchant armour
  6675 | D:8      | HP: 10/45 [wyvern (19)]
  6801 | D:8      | Reached skill level 3 in Armour
  6801 | D:8      | Reached skill level 7 in Dodging
  6866 | D:8      | Identified a +0 hand axe
  6866 | D:8      | Identified a +0 ring mail
  6879 | D:8      | Reached skill level 4 in Evocations
  6950 | D:8      | HP: 9/45 [steam dragon] (6)]
  6951 | D:8      | HP: 3/45 [something (7)]
  6952 | D:8      | Reached XP level 10. HP: 4/49 MP: 11/11
  7047 | D:8      | Identified a +0 mace
  7055 | D:8      | Reached skill level 4 in Fighting
  7344 | D:8      | Slain by a two-headed ogre

Table legend: (Time is in decaauts)
 A = Elapsed time spent in this place.
 B = Non-inter-level travel time spent in this place.
 C = Inter-level travel time spent in this place.
 D = Time resting spent in this place.
 E = Time spent auto-exploring this place.
 F = Levels seen in this place.
 G = Mean time per level.
                   A        B        C        D        E       F      G
               +--------+--------+--------+--------+--------+-----+--------+
         Total |   5128 |   4825 |    303 |    515 |   2384 |  11 |  466.2 |
       Dungeon |   4953 |   4650 |    303 |    509 |   2366 |   8 |  619.1 |
        Temple |     33 |     33 |      0 |      0 |      0 |   1 |   33.0 |
         Sewer |     96 |     96 |      0 |      6 |     17 |   1 |   96.0 |
        Bailey |     44 |     44 |      0 |      0 |      0 |   1 |   44.0 |
               +--------+--------+--------+--------+--------+-----+--------+

Top non-repeatable levels by time:
     D:5: 743 daAuts
     D:6: 742 daAuts
     D:3: 705 daAuts
     D:4: 683 daAuts
     D:8: 607 daAuts
     D:1: 549 daAuts
     D:7: 542 daAuts
     D:2: 379 daAuts
   Sewer: 96 daAuts
  Bailey: 44 daAuts
  Temple: 33 daAuts

Table legend:
 A = Kills in this place as a percentage of kills in the entire game.
 B = Kills by you in this place as a percentage of kills by you in the entire game.
 C = Kills by friends in this place as a percentage of kills by friends in the entire game.
 D = Other kills in this place as a percentage of other kills in the entire game.
 E = Experience gained in this place as a percentage of experience gained in the entire game.
 F = Experience gained in this place divided by the number of levels of this place that you have seen.
                   A       B       C       D       E      F
               +-------+-------+-------+-------+-------+----------------------
         Total | 100.0 | 100.0 |   N/A |   N/A | 100.0 | 547.9
       Dungeon |  93.8 |  93.8 |   N/A |   N/A |  98.4 | 741.5
        Temple |   0.6 |   0.6 |   N/A |   N/A |   0.0 |   3.0
         Sewer |   5.1 |   5.1 |   N/A |   N/A |   1.5 |  89.0
        Bailey |   0.6 |   0.6 |   N/A |   N/A |   0.0 |   3.0
               +-------+-------+-------+-------+-------+----------------------

Skill      XL: |  1  2  3  4  5  6  7  8  9 10 |
---------------+-------------------------------+-----
Staves         | 3 5 6 7 8 |  8.7
Fighting       | 2 3 4 |  4.0
Armour         | 1 3 |  3.2
Stealth        | 4 6 |  6.9
Dodging        | 5 7 |  7.3
Evocations     | 4 |  4.3
Throwing       | |  2.0

Action                     |  1- 3 |  4- 6 |  7- 9 | 10-12 || total
---------------------------+-------+-------+-------+-------++-------
  Melee: Quarterstaff      |    89 |   213 |   416 |    32 ||   750
         Spear             |       |       |       |     4 ||     4
   Fire: Shortbow          |       |       |     8 |       ||     8
  Throw: Throwing net      |       |     3 |     4 |       ||     7
         Boomerang         |       |     9 |    48 |     3 ||    60
         Dart              |       |     5 |    77 |    13 ||    95
  Evoke: Wand              |       |       |    13 |       ||    13
    Use: Scroll            |       |     8 |     8 |       ||    16
   Stab: Sleeping          |     1 |     1 |     6 |     1 ||     9
         Held in net/web   |       |     4 |     4 |       ||     8
         Distracted        |       |       |     1 |       ||     1
 Armour: Robe              |    32 |    78 |   163 |    13 ||   286
  Dodge: Dodged            |    90 |   221 |   449 |    34 ||   794

Vanquished Creatures
  Pikel (D:4)
  Prince Ribbit (D:5)
  Sigmund (D:3)
  A wyvern (D:8)
  Eustachio (D:4)
  A steam dragon (D:8)
  4 water moccasins
  Edmund (D:6)
  An ice beast (D:5)
  A black bear (D:6)
  2 sky beasts
  2 ogres
  2 centaurs
  A phantom (D:6)
  3 bullfrogs
  2 scorpions
  9 killer bees (D:8)
  A bullfrog zombie (D:5)
  4 bombardier beetles
  A centaur zombie (D:5)
  6 orc priests
  A hound (D:6)
  A jelly (D:7)
  2 sleepcaps
  5 iguanas
  2 orc wizards
  A hell rat (Sewer)
  6 river rats
  13 adders
  3 gnolls
  A white imp (D:7)
  2 ufetubi
  6 ribbon worms
  4 dart slugs
  19 orcs
  4 endoplasms
  5 giant cockroaches
  6 goblins
  8 hobgoblins
  6 jackals
  8 kobolds
  5 quokkas
  8 ball pythons
  4 bats
  2 frilled lizards
  10 rats
178 creatures vanquished.
